 Dungeon Crawl Stone Soup version 0.29.1-1-gd02db6906a (webtiles) character file.

Game seed: 4839931409402112215

86 jamesp the Insei (level 4, -1/28 HPs)
             Began as an Octopode Transmuter on Sept 26, 2022.
             Slain by Terence
             ... wielding a +3 flail of protection
              (8 damage)
             ... on level 3 of the Dungeon.
             The game lasted 00:06:54 (2716 turns).

jamesp the Insei (Octopode Transmuter)              Turns: 2716, Time: 00:06:54

Health: -1/28      AC:  1    Str:  9    XL:     4   Next: 49%
Magic:  7/8        EV: 13    Int: 17    God:
Gold:   101        SH:  0    Dex: 12    Spells: 5/8 levels left

rFire   . . .      SeeInvis .     - Unarmed
rCold   . . .      Faith    .   (no shield)
rNeg    . . .      Spirit   .   (helmet currently unavailable)
rPois   +          Reflect  .   (no amulet)
rElec   .          Harm     .   c - ring of poison resistance
rCorr   .          Rampage  .   (no ring)
Will    .....                   (no ring)
Stlth   ++........              (no ring)
HPRegen 0.09/turn               (no ring)
MPRegen 0.11/turn               (no ring)
                                (no ring)
                                (no ring)

@: appendages
A: tentacle spike 3, almost no armour, amphibious, 8 rings, camouflage 1,
gelatinous body 1, (nimble swimmer 1), tentacles
a: End Transformation


You were on level 3 of the Dungeon.
One of your tentacles had grown a beastly spike.
You visited 1 branch of the dungeon, and saw 3 of its levels.

You collected 101 gold pieces.

Inventory:

Missiles
 e - 24 stones
 f - 8 poisoned darts
 n - 5 javelins
Armour
 b - an orb of mayhem
Magical Staves
 g - a staff of fire
Jewellery
 c - a ring of poison resistance (left tentacle)
Scrolls
 h - 3 scrolls of enchant armour {unknown}
 i - a scroll of butterflies {unknown}
 o - a scroll of brand weapon {unknown}
 p - a scroll of blinking {unknown}
 q - a scroll of poison {unknown}
 r - a scroll of immolation
Potions
 a - a potion of lignification
 d - a potion of attraction
 j - a potion of cancellation
 k - a potion of might
 l - 2 potions of resistance
 m - a potion of curing
 s - a potion of mutation


   Skills:
 - Level 1.0 Fighting
 + Level 2.7 Dodging
 + Level 3.6 Unarmed Combat
 + Level 2.7 Spellcasting
 + Level 2.7 Transmutations


You had 5 spell levels left.
You knew the following spells:

 Your Spells              Type           Power      Damage    Failure   Level
a - Beastly Appendage     Tmut           22%        N/A       6%          1
b - Call Imp              Summ           2%         N/A       26%         2

Your spell library contained the following spells:

 Spells                   Type           Power      Damage    Failure   Level
 Wereblood                Tmut           11%        N/A       9%          2
 Passwall                 Tmut/Erth      5%         N/A       16%         2
 Magic Dart               Conj           8%         1d3       19%         1
 Slow                     Hex            8%         N/A       19%         1
 Ensorcelled Hibernation  Hex/Ice        4%         N/A       26%         2
 Spider Form              Tmut/Pois      7%         N/A       30%         3
 Confusing Touch          Hex            2%         N/A       47%         3
 Mephitic Cloud           Conj/Pois/Air  2%         N/A       47%         3
 Swiftness                Air            2%         N/A       47%         3
 Vampiric Draining        Necr           2%         2d6       47%         3
 Ice Form                 Ice/Tmut       7%         N/A       71%         4


Dungeon Overview and Level Annotations

Branches:
Dungeon (3/15)

Altars:

Shops:
D:1 ((*

Annotations:
D:3 Terence


Innate Abilities, Weirdness & Mutations

One of your tentacles has grown a beastly spike.
You cannot wear most types of armour.
You are amphibious.
You can wear up to eight rings at the same time.
Your skin changes colour to match your surroundings (Stealth+).
Your rubbery body absorbs attacks. (AC +1, EV +1)
((You are camouflaged when in or above water. (Stealth+)))
You have tentacles for arms and can constrict up to eight enemies at once.


Message History

You barely miss the hobgoblin. You grab the hobgoblin.
You tentacle-slap the hobgoblin. You squeeze the hobgoblin.
The hobgoblin is almost dead.
You constrict the hobgoblin.
You kill the hobgoblin!
You see here a +0 dagger.
You see here a bat corpse.
Casting: Beastly Appendage (safe; 6% risk of failure)
Confirm with . or Enter, or press ? or * to list all spells.
One of your tentacles grows a vicious spike.
Terence hits you with a +3 flail of protection.
You tentacle-slap Terence but do no damage.
You grab Terence.
You pierce Terence, but do no damage.
You constrict Terence, but do no damage.
Terence closely misses you.
You tentacle-slap Terence.
You pierce Terence.
You tentacle-slap Terence, but do no damage.
Terence is lightly wounded.
You constrict Terence, but do no damage.
Terence hits you with a +3 flail of protection!
* * * LOW HITPOINT WARNING * * *
You completely miss Terence.
Terence is lightly wounded.
You constrict Terence. You tentacle-slap Terence.
Terence is moderately wounded.
You constrict Terence. Terence barely misses you.
You tentacle-slap Terence but do no damage.
You pierce Terence.
You tentacle-slap Terence, but do no damage.
Your squeeze misses Terence.
Terence is heavily wounded.
You constrict Terence, but do no damage.
Terence closely misses you.
You completely miss Terence.
You pierce Terence, but do no damage.
You squeeze Terence, but do no damage.
Terence is heavily wounded.
You constrict Terence, but do no damage.
Terence hits you with a +3 flail of protection!
You die...

#......................
#......................
#.#.########@...!..#### #
#..# #.......# #..#
#.......# #..# #.......#
#..#######.......#
#######...##..†).......#
..........@@......######
#.. #######.#..#......#
#.# #.##.#......#
#.###########.##.#......#
#.#.).........##.#......#
#.#.############.#......#
#.#.# #...##.### #.#.#
###.. .. .<#.#


You could see Terence.

Vanquished Creatures
  A gnoll (D:1)
  2 adders (D:2)
  A dart slug (D:1)
  4 ball pythons
  4 bats
  10 endoplasms
  2 giant cockroaches
  4 goblins
  4 hobgoblins
  4 jackals (D:1)
  6 quokkas
  A frilled lizard (D:1)
  3 kobolds
  2 rats (D:1)
48 creatures vanquished.

Notes
Turn   | Place    | Note
-------+----------+-------------------------------------------
     0 | D:1      | jamesp the Octopode Transmuter began the quest for the Orb.
     0 | D:1      | Reached XP level 1. HP: 13/13 MP: 3/3
   421 | D:1      | Found Sidouny's General Store.
   429 | D:1      | Reached XP level 2. HP: 11/18 MP: 1/5
   727 | D:1      | Found Likh's Weapon Shop.
   840 | D:1      | Found Lucaviolla's Antique Weapon Boutique.
  1139 | D:1      | Reached XP level 3. HP: 22/23 MP: 6/6
  1747 | D:2      | Reached XP level 4. HP: 23/28 MP: 5/7
  2150 | D:2      | Learned a level 2 spell: Call Imp
  2680 | D:3      | Noticed Terence
  2716 | D:3      | Slain by Terence

Illustrated notes

Levels and vault maps discovered:
D:1:      saegor_arrival_miasma, layout_loops_cross, serial_shops,
          nicolae_shop_hallway_stairs, nicolae_shop_bloodbath_and_beyond,
          nicolae_shop_advertising_works [nicolae_subvault_shop_adworks]
D:2:      layout_loops_cross
D:3:      layout_basic, uniq_terence, uniq_crazy_yiuf_cottage

Action                   |  1- 3 |  4- 6 || total
-------------------------+-------+-------++-------
Melee: Unarmed           |    67 |    38 ||   105
       Kick              |    18 |    11 ||    29
       Constrict         |    19 |     8 ||    27
       Tentacles         |    11 |     4 ||    15
       Punch             |       |     7 ||     7
 Cast: Beastly Appendage |    15 |     7 ||    22
  Use: Scroll            |       |     7 ||     7
 Stab: Sleeping          |     8 |     2 ||    10
Armor: Skin              |     7 |     3 ||    10
Dodge: Dodged            |    36 |    15 ||    51
